 Dungeon Crawl Stone Soup version 0.27.1-4-g1640c2035a (webtiles) character file.

Game seed: 17309046542585987488

2020 Crownlay the Thaumaturge (level 9, -3/45 HPs)
             Began as a Gargoyle Earth Elementalist on Nov 6, 2021.
             Slain by a wight (6 damage)
             ... on level 7 of the Dungeon.
             The game lasted 00:08:55 (7725 turns).

Crownlay the Thaumaturge (GrEE)                     Turns: 7725, Time: 00:08:56

Health: -3/45      AC: 13    Str: 12    XL:     9   Next: 23%
Magic:  0/22       EV: 11    Int: 19    God:
Gold:   224        SH:  0    Dex: 10    Spells: 23/27 levels left

rFire    . . .     SeeInvis .   y - +5 broad axe (elec)
rCold    . . .     Faith    .   (no shield)
rNeg     + . .     Spirit   .   b - +0 robe
rPois    ∞         Reflect  .   (no helmet)
rElec    +         Harm     .   i - +0 cloak
rCorr    .         Rampage  .   (no gloves)
Will     .....                  (no boots)
Stlth    ++........             (no amulet)
HPRegen  0.15/turn              t - +4 ring of protection
MPRegen  0.18/turn              (no ring)

@: no status effects
A: sickness immunity, AC +6, negative energy resistance 1, electricity
resistance, torment resistance 1, petrification resistance
a: no special abilities


You were on level 7 of the Dungeon.
You visited 2 branches of the dungeon, and saw 8 of its levels.

You collected 281 gold pieces.
You spent 57 gold pieces at shops.

Inventory:

Hand Weapons
 y - a +5 broad axe of electrocution (weapon)
Missiles
 c - 42 stones
 z - a throwing net
Armour
 b - a +0 robe (worn)
 i - a +0 cloak (worn)
 k - a +0 leather armour of fire resistance
Jewellery
 t - a +4 ring of protection (left hand)
Wands
 p - a wand of paralysis (7)
Scrolls
 d - a scroll of silence {unknown}
 f - 2 scrolls of teleportation
 h - 3 scrolls of fear
 j - a scroll of noise {unknown}
 m - a scroll of summoning {unknown}
 o - a scroll of magic mapping {unknown}
 q - a scroll of blinking {unknown}
 s - 2 scrolls of enchant armour
 u - a scroll of vulnerability {unknown}
 w - a scroll of amnesia {unknown}
 A - a scroll of fog {unknown}
Potions
 a - a potion of lignification {unknown}
 e - 3 potions of flight
 g - a potion of berserk rage {unknown}
 l - 2 potions of might
 r - a potion of invisibility {unknown}
 v - 2 potions of attraction {unknown}
 x - 2 potions of degeneration {unknown}
Miscellaneous
 n - a piece from Xom's chessboard (15/15)


   Skills:
 - Level 1.5 Dodging
 - Level 2.1 Stealth
 * Level 9.6 Spellcasting
 - Level 0.7 Transmutations
 - Level 8.0 Earth Magic


You had 23 spell levels left.
You knew the following spells:

 Your Spells              Type           Power      Damage    Failure   Level
a - Sandblast             Erth           78%        2d17      1%          1
b - Stone Arrow           Conj/Erth      48%        3d10      4%          3

Your spell library contained the following spells:

 Spells                   Type           Power      Damage    Failure   Level
 Passwall                 Tmut/Erth      20%        N/A       1%          2
 Summon Small Mammal      Summ           36%        N/A       8%          1
 Wereblood                Tmut           11%        N/A       9%          2
 Static Discharge         Conj/Air       9%         N/A       12%         2
 Petrify                  Tmut/Erth      25%        N/A       13%         4
 Call Canine Familiar     Summ           9%         N/A       24%         3
 Frozen Ramparts          Ice            18%        1d3       24%         3
 Summon Guardian Golem    Hex/Summ       9%         N/A       24%         3
 Tukima's Dance           Hex            9%         N/A       24%         3
 Ice Form                 Ice/Tmut       10%        N/A       54%         4
 Dispel Undead            Necr           9%         3d8       61%         4
 Passage of Golubria      Tloc           N/A        N/A       61%         4
 Sticky Flame             Conj/Fire      9%         2d3       61%         4
 Summon Ice Beast         Ice/Summ       9%         N/A       61%         4
 Yara's Violent Unravell  Hex/Tmut       5%         3d4       88%         5
 Summon Hydra             Summ           4%         N/A       100%        7
 Sublimation of Blood     Necr           Unusable   N/A       N/A         2

Dungeon Overview and Level Annotations

Branches:
Dungeon (7/15)             Temple (1/1) D:6

Altars:
Ashenzari
Cheibriados
Dithmenos
Elyvilon
Fedhas
Gozag
Kikubaaqudgha
Nemelex Xobeh
Okawaru
Qazlal
Sif Muna
Trog
Uskayaw
Wu Jian
Xom
Yredelemnul
The Shining One

Shops:
D:1 (   D:2 **

Annotations:
D:3 2 transporters, othur's ghost, amateur DECj


Innate Abilities, Weirdness & Mutations

You are immune to sickness and miasma.
Your stone body is resilient. (AC +6)
You are immune to poison.
You resist negative energy. (rN+)
You are resistant to electric shocks. (rElec)
You are resistant to unholy torment.
You are immune to petrification.


Message History

You destroy the centaur skeleton!
The stone arrow misses the wight.
You miscast Stone Arrow.
You are very lightly contaminated with residual magic.
Nothing appears to happen.
The stone arrow hits the wight!
You destroy the wight!
The stone arrow hits the wight.
The wight is moderately damaged.
You are too depleted to draw on your mana recklessly!
The wight hits you with a +0 short sword!
Things that are here:
a +5 morningstar; 6 boomerangs; a +0 robe You are too injured to fight recklessly!
You are too injured to fight recklessly!
You are too injured to fight recklessly!
You barely miss the wight.
The wight is moderately damaged.
You closely miss the wight.
The wight hits you with a +0 short sword!
* * * LOW HITPOINT WARNING * * *
The wight hits you but does no damage.
The wight hits you with a +0 short sword.
* * * LOW HITPOINT WARNING * * *
The wight barely misses you. The wight hits you but does no damage.
Casting: Stone Arrow (dangerous; 4% risk of failure)
Confirm with . or Enter, or press ? or * to list all spells.
Aiming: Sandblast (safe; 1% risk of failure)
Press: ? - help, Shift-Dir - straight line, f/p - wight
Aim: a wight, wielding a +0 short sword and wearing a +0 robe (moderately damaged, 82% to hit)
The blast of sand misses the wight.
The blast of sand hits the wight!!
You destroy the wight!
The wight hits you with a +0 short sword.
* * * LOW HITPOINT WARNING * * *
Your magical contamination has completely faded away.
You barely miss the wight.
The wight is moderately damaged.
The wight hits you with a +0 short sword.
You die...

.#. #######.#
#....#..© #.#.....
#....# ## ##._..# #.##
#.....# ###..###).#..#
#.....@z)....# ...
###.......##..#
...###.##.......#..#
....#...#..........#
.......).........#...
.......).........###.#
....#....).......# .#
....#.#....##.##..#
.....##....#.#P#..#


You could see a wight.

Vanquished Creatures
  Menkaure (D:7)
  A water moccasin (D:6)
  2 sky beasts
  2 necrophages
  An ogre (D:4)
  A bullfrog (D:6)
  A scorpion (D:6)
  6 wights (D:7)
  2 howler monkeys
  3 bullfrog zombies
  A centaur zombie (D:5)
  4 hounds
  3 centaur skeletons
  2 gnoll shamans
  2 jellies (D:6)
  Crazy Yiuf (D:2)
  4 iguanas
  2 orc wizards
  12 gnolls
  2 howler monkey skeletons (D:5)
  6 adders
  An ufetubus (D:4)
  7 worms
  A dart slug (D:2)
  9 orcs
  11 bats
  5 endoplasms
  3 giant cockroaches
  3 goblins
  4 hobgoblins
  4 jackals (D:2)
  2 quokkas (D:3)
  6 ball pythons
  2 frilled lizards
  3 kobolds
  2 rats
  A butterfly (D:3)
123 creatures vanquished.

Notes
Turn   | Place    | Note
-------+----------+-------------------------------------------
     0 | D:1      | Crownlay the Gargoyle Earth Elementalist began the quest
                  | for the Orb.
     0 | D:1      | Reached XP level 1. HP: 10/10 MP: 3/3
   227 | D:1      | Found Ximeplue's Antique Weapon Emporium.
   273 | D:1      | Reached XP level 2. HP: 15/15 MP: 5/5
   314 | D:1      | Found a faded altar of an unknown god.
  1160 | D:2      | Reached XP level 3. HP: 19/19 MP: 4/7
  1227 | D:2      | Reached skill level 3 in Spellcasting
  1272 | D:2      | Found a runed translucent door.
  1273 | D:2      | Noticed Crazy Yiuf
  1281 | D:2      | Killed Crazy Yiuf
  1282 | D:2      | Reached XP level 4. HP: 17/24 MP: 2/9
  1454 | D:2      | Found Zeeliss's Assorted Antiques.
  1458 | D:2      | Bought a scroll labelled VYL GOVEIMECA for 19 gold pieces
  1458 | D:2      | Bought a scroll labelled GAGOKH CAPHIOR for 19 gold pieces
  1608 | D:2      | Bought a scroll labelled XAFRURIUQAE for 19 gold pieces
  1877 | D:2      | Found Ifagheq's General Store.
  2325 | D:3      | Noticed othur's ghost (amateur DECj)
  2327 | D:3      | Found a transporter.
  2327 | D:3      | Found a transporter.
  2482 | D:3      | Learned a level 3 spell: Stone Arrow
  2501 | D:3      | Reached XP level 5. HP: 28/28 MP: 7/10
  2546 | D:3      | Reached skill level 4 in Spellcasting
  2556 | D:3      | Noticed a necrophage
  2562 | D:3      | Killed a necrophage
  2563 | D:3      | Reached skill level 5 in Earth Magic
  2601 | D:3      | Found a shimmering altar of Xom.
  2733 | D:3      | Reached XP level 6. HP: 24/32 MP: 4/13
  3496 | D:4      | Reached skill level 5 in Spellcasting
  4320 | D:5      | Entered Level 5 of the Dungeon
  4373 | D:5      | Reached XP level 7. HP: 29/36 MP: 8/15
  4743 | D:5      | Reached skill level 6 in Spellcasting
  5700 | D:6      | Reached XP level 8. HP: 39/41 MP: 11/18
  5701 | D:6      | Reached skill level 7 in Spellcasting
  5753 | D:6      | Found a white marble altar of Elyvilon.
  5898 | D:6      | Found a staircase to the Ecumenical Temple.
  6014 | Temple   | Entered the Ecumenical Temple
  7208 | D:6      | Reached skill level 8 in Spellcasting
  7642 | D:7      | Noticed Menkaure
  7647 | D:7      | Killed Menkaure
  7648 | D:7      | Reached XP level 9. HP: 40/45 MP: 12/21
  7657 | D:7      | Reached skill level 9 in Spellcasting
  7697 | D:7      | Found an opulent altar of Gozag.
  7725 | D:7      | Slain by a wight

Illustrated notes

Levels and vault maps discovered:
D:1:      lightli_arrival_noodles, layout_rooms, serial_shops,
          nicolae_shop_temple_entry_statues_fountains,
          ebering_ecumenical_altar_hall, minmay_misc_feat_tower
D:2:      layout_loops_corners, serial_shops, shop, shop,
          uniq_crazy_yiuf_cottage
D:3:      layout_loops_cross, xom_butterflies, gammafunk_ghost_arena
D:4:      layout_basic, kennysheep_generic_room_15
D:5:      layout_basic
D:6:      layout_basic, elyvilon_altar_5, minmay_temple_entry_tees,
          minmay_misc_feat_secret_circle, amcnicky_mini_corridor_feature,
          kennysheep_windowed_goal
D:7:      layout_cave_pools, mainiacjoe_overflow_tiny_flanked,
          mainiacjoe_overflow_chevrons, nicolae_ru_the_path_less_chosen,
          enter_ossuary_5, gammafunk_ghost_berserking_beasts,
          grunt_ministairs_12, uniq_pikel, uniq_harold, uniq_menkaure,
          uniq_duvessa
Temple:   eino_temple_lava

Skill      XL: |  1  2  3  4  5  6  7  8  9 |
---------------+----------------------------+-----
Earth Magic    | 4 5 6 7 8 |  8.0
Spellcasting   | 3 4 5 6 8 9 |  9.6
Dodging        | |  1.5
Stealth        | |  2.1
Transmutations | |  0.7

Action                   |  1- 3 |  4- 6 |  7- 9 || total
-------------------------+-------+-------+-------++-------
Melee: Mace              |    30 |    44 |       ||    74
       Unarmed           |     1 |       |       ||     1
       Broad axe         |       |       |    96 ||    96
 Cast: Sandblast         |    26 |    68 |    55 ||   149
       Stone Arrow       |       |       |    13 ||    13
  Use: Scroll            |       |     3 |     5 ||     8
 Stab: Sleeping          |     1 |     2 |     2 ||     5
Armor: Robe              |    26 |    29 |   100 ||   155
Dodge: Dodged            |    31 |    45 |   104 ||   180
